Map: Romanticide LE

Players

Lambo

  • Race: Zerg Zerg

milkicow - Winner!

  • Race: Terran Terran

Event: DreamHack SC2 Masters 2021 Fall

VOD

Have the link to the VOD?

Description

Time

  • Played on: Aug. 6, 2021, 10:17 a.m.
  • Length: 7:50

All games in this series

Show
View Real Time Build Order
Export as new Build Order

Lambo Zerg 

Build Orders: Pool First 

Get SALT Encoding   

  12  0:00  Drone  
  13  0:12  Overlord  
  13  0:17  Drone  
  14  0:31  Drone x2  
  14  0:34  Drone  
  17  0:43  Spawning Pool  
  17  0:47  Drone  
  17  1:07  Hatchery  
  17  1:10  Drone  
  17  1:12  Extractor  
  17  1:16  Drone  
  17  1:30  Zergling x4  
  17  1:31  Queen  
  21  1:41  Overlord  
  21  1:51  Zergling x2  
  22  2:08  Zergling x2  
  23  2:14  Zergling x2  
  23  2:15  Queen  
  26  2:21  Overlord  
  26  2:23  Queen  
  28  2:44  Zergling x4  
  30  2:45  Drone x3  
  30  2:48  Zergling x2  
  34  2:55  Overlord  
  34  3:05  Drone x2  
  36  3:11  Metabolic Boost  
  36  3:25  Hatchery, Drone  
  35  3:27  Drone  
  35  3:31  Drone  
  35  3:32  Drone  
  38  3:35  Drone  
  38  3:38  Drone  
  40  3:41  Drone  
  40  3:42  Drone  
  40  3:45  Drone  
  44  3:48  Drone  
  44  3:50  Overlord  
  44  4:01  Overlord  
  44  4:08  Queen  
  44  4:09  Overlord  
  46  4:11  Drone x3  
  46  4:14  Drone x2  
  52  4:17  Drone  
  52  4:24  Baneling Nest  
  52  4:25  Queen  
  52  4:28  Drone  
  54  4:31  Drone x2  
  54  4:34  Overlord  
  54  4:37  Drone  
  57  4:39  Overlord  
  57  4:44  Drone x3  
  60  4:48  Drone  
  60  4:49  Overlord  
  60  4:51  Drone  
  62  4:53  Drone  
  62  4:56  Extractor  
  62  4:59  Lair, Drone  
  63  5:04  Drone x3  
  66  5:07  Drone x2  
  66  5:12  Evolution Chamber  
  66  5:13  Zergling x4  
  69  5:14  Drone  
  69  5:20  Drone x3  
  74  5:26  Extractor  
  74  5:27  Extractor  
  72  5:31  Drone  
  72  5:32  Drone x5  
  77  5:39  Evolution Chamber  
  77  5:40  Overlord  
  77  5:41  Drone  
  77  5:42  Zergling x2  
  77  5:43  Queen x2  
  77  5:48  Overlord  
  77  5:49  Zergling x10  
  87  5:51  Zergling x2  
  87  5:53  Zergling x2  
  87  5:56  Overlord  
  89  5:57  Overlord  
  89  6:01  Baneling x6  
  89  6:03  Baneling  
  89  6:08  Zergling x10  
  89  6:10  Baneling x3  
  94  6:13  Queen  
  94  6:18  Zergling x6  
  99  6:19  Queen  
  99  6:20  Baneling x3  
  99  6:22  Overlord  
  94  6:25  Zergling x8  
  94  6:27  Zergling x2  
  94  6:28  Zergling x2  
  94  6:31  Zergling x4  
  94  6:34  Zergling x4  
  94  6:36  Queen  
  87  6:42  Zergling x8  
  84  6:48  Baneling x2  
  84  6:49  Zergling x2, Baneling x2  
  84  6:50  Zergling x2  
  83  6:55  Zergling x2  
  83  7:00  Queen x2  
  83  7:03  Zergling x2, Baneling x2  
  83  7:06  Zergling x2  
  83  7:07  Zergling x2  
  82  7:09  Zergling x2  
  82  7:10  Zergling x2  
  82  7:11  Queen  
  79  7:15  Zergling x2  
  79  7:16  Zergling x4  
  79  7:18  Zergling x2  
  79  7:20  Zergling x2  
  72  7:23  Zergling x2  
  72  7:24  Zergling x2  
  73  7:33  Zergling x4  
Show
View Real Time Build Order
Export as new Build Order

milkicow Terran - Winner!

Build Orders:  

Get SALT Encoding   

  12  0:00  SCV  
  13  0:12  SCV  
  14  0:17  Supply Depot  
  14  0:24  SCV  
  15  0:39  Barracks  
  15  0:49  Barracks  
  15  0:52  SCV  
  16  0:59  Refinery  
  16  1:04  SCV  
  17  1:17  SCV  
  18  1:26  Marine  
  18  1:29  Orbital Command  
  19  1:35  Supply Depot  
  19  1:37  Marine  
  20  1:43  Marine  
  21  1:54  Bunker  
  21  1:56  SCV  
  22  2:01  Marine  
  22  2:08  SCV  
  24  2:10  Factory  
  24  2:20  SCV  
  25  2:34  SCV  
  26  2:43  Command Center  
  26  2:46  SCV  
  26  2:48  Supply Depot  
  27  2:58  SCV, Factory Reactor, Starport  
  28  3:05  Refinery  
  28  3:10  SCV  
  29  3:22  SCV  
  29  3:27  Barracks Tech Lab  
  31  3:34  SCV, Hellion x2  
  31  3:38  Medivac  
  36  3:46  SCV  
  39  3:56  Hellion x2  
  39  3:57  Marine, Stimpack  
  39  3:59  SCV  
  43  4:11  Bunker, SCV  
  43  4:13  Starport Reactor  
  43  4:15  Marine, Orbital Command  
  45  4:21  Marine  
  45  4:23  SCV  
  47  4:26  Factory Tech Lab  
  47  4:27  Marine  
  48  4:31  Supply Depot  
  48  4:33  Marine  
  48  4:35  SCV  
  50  4:39  Marine  
  50  4:41  SCV  
  50  4:45  Marine  
  52  4:47  SCV  
  54  4:52  Marine  
  54  4:55  Supply Depot  
  54  4:56  Marine  
  54  4:59  Siege Tank  
  61  5:03  Medivac  
  61  5:04  SCV  
  61  5:05  Supply Depot  
  62  5:16  Marine x2, SCV x2  
  62  5:20  Supply Depot  
  66  5:24  Marine  
  67  5:28  SCV  
  67  5:29  SCV  
  67  5:31  Medivac  
  67  5:33  Supply Depot  
  67  5:34  Marine x2, Siege Tank  
  76  5:40  SCV  
  76  5:41  SCV  
  78  5:43  Marine  
  79  5:50  Combat Shield  
  79  5:52  SCV  
  79  5:53  Command Center  
  80  6:00  SCV  
  81  6:05  Marine  
  81  6:08  SCV  
  81  6:10  Marine  
  84  6:13  Supply Depot  
  84  6:14  SCV  
  84  6:16  Refinery, Barracks  
  85  6:18  Starport Reactor  
  85  6:26  Marine  
  85  6:28  Marine  
  85  6:30  Marine  
  85  6:31  SCV  
  86  6:36  SCV  
  86  6:37  Siege Tank  
  83  6:43  SCV  
  83  6:44  Marine  
  83  6:46  Marine  
  86  6:48  Marine  
  86  6:51  Engineering Bay  
  86  6:53  SCV  
  83  6:54  Engineering Bay  
  83  6:58  Refinery  
  78  7:02  Marine  
  78  7:04  Marine  
  78  7:05  SCV  
  78  7:06  Marine, SCV  
  78  7:16  Siege Tank  
  78  7:17  SCV  
  78  7:18  SCV  
  78  7:20  Marine  
  78  7:21  Marine  
  83  7:24  Marine  
  83  7:29  SCV  
  85  7:31  Barracks  
  85  7:32  Barracks  
  82  7:37  SCV  

Tags
 
Add a new tag
Caveats
  • Supply blocks, unpowered buildings, or Contaminate may cause inaccurate times.
  • Supply counts are checked every 10 seconds.